 Dungeon Crawl Stone Soup version 0.28.0-43-g3370ac3207 (webtiles) character file.

Game seed: 11808296571702184539

437 Ablot the Grasshopper (level 7, 0/56 HPs)
             Began as a Gnoll Warper on Mar 12, 2022.
             Succumbed to a scorpion's poison
             ... on level 5 of the Dungeon.
             The game lasted 00:05:22 (5569 turns).

Ablot the Grasshopper (Gnoll Warper)                Turns: 5569, Time: 00:05:22

Health: 0/56       AC:  4    Str: 12    XL:     7   Next: 1%
Magic:  15/15      EV: 13    Int: 13    God:
Gold:   256        SH:  0    Dex: 11    Spells: 14/16 levels left

rFire   + . .      SeeInvis .   a - +0 trident
rCold   + . .      Faith    .   (no shield)
rNeg    . . .      Spirit   .   b - +0 leather armour
rPois   +          Reflect  .   n - +0 helmet
rElec   +          Harm     .   (no cloak)
rCorr   +          Rampage  .   (no gloves)
Will    .....                   (no boots)
Stlth   ++........              (no amulet)
HPRegen 0.18/turn               (no ring)
MPRegen 0.14/turn               (no ring)

@: lethally poisoned (0 -> -8), resistant
A: fangs 1, strong nose, distributed training
a: no special abilities


You were on level 5 of the Dungeon.
You visited 1 branch of the dungeon, and saw 5 of its levels.

You collected 256 gold pieces.

Inventory:

Hand Weapons
 a - a +0 trident (weapon)
Missiles
 d - 4 boomerangs of dispersal
 e - 120 stones
 g - 3 javelins
 h - 37 arrows
 q - 3 boomerangs (quivered)
 r - 6 poisoned darts
Armour
 b - a +0 leather armour (worn)
 n - a +0 helmet (worn)
Wands
 l - a wand of digging (7)
Scrolls
 c - 2 scrolls of blinking
 f - a scroll of teleportation {unknown}
 k - 3 scrolls of identify {unknown}
 m - a scroll of brand weapon {unknown}
 p - a scroll of amnesia {unknown}
Potions
 i - a potion of resistance
 j - a potion of curing {unknown}
 o - a potion of might {unknown}


   Skills:
 + Level 5.1 Fighting
 + Level 2.2 Short Blades
 + Level 2.2 Long Blades
 + Level 2.2 Axes
 + Level 2.2 Maces & Flails
 + Level 5.1 Polearms
 + Level 2.2 Staves
 + Level 2.2 Slings
 + Level 2.2 Bows
 + Level 2.2 Crossbows
 + Level 3.4 Throwing
 + Level 3.4 Armour
 + Level 5.1 Dodging
 + Level 2.2 Stealth
 + Level 2.2 Shields
 + Level 2.2 Unarmed Combat
 + Level 5.4 Spellcasting
 + Level 1.7 Conjurations
 + Level 1.7 Hexes
 + Level 1.7 Summonings
 + Level 1.7 Necromancy
 + Level 5.7 Translocations
 + Level 1.7 Transmutations
 + Level 1.7 Fire Magic
 + Level 1.7 Ice Magic
 + Level 1.7 Air Magic
 + Level 1.7 Earth Magic
 + Level 1.7 Poison Magic
 + Level 2.4 Invocations
 + Level 2.2 Evocations


You had 14 spell levels left.
You knew the following spells:

 Your Spells              Type           Power      Damage    Failure   Level
a - Blink                 Tloc           36%        N/A       3%          2

Your spell library contained the following spells:

 Spells                   Type           Power      Damage    Failure   Level
 Gell's Gravitas          Tloc           18%        N/A       6%          3
 Lesser Beckoning         Tloc           18%        N/A       6%          3
 Teleport Other           Tloc           18%        N/A       6%          3
 Foxfire                  Conj/Fire      32%        2x1d5     11%         1
 Conjure Flame            Conj/Fire      8%         6-21      32%         3
 Inner Flame              Hex/Fire       8%         N/A       32%         3
 Manifold Assault         Tloc           18%        N/A       52%         5
 Flame Wave               Conj/Fire      8%         2d5       73%         4


Dungeon Overview and Level Annotations

Branches:
Dungeon (5/15)
 Temple: D:4-7

Altars:


Innate Abilities, Weirdness & Mutations

You have very sharp teeth.
Your uncanny sense of smell can sniff out nearby items.
Your experience applies equally to all skills.


Message History

The scorpion stings you.
You are more poisoned.
The scorpion poisons you!
You barely miss the scorpion. Your bite misses the scorpion.
The scorpion is moderately wounded.
You feel very sick. The scorpion closely misses you.
You completely miss the scorpion.
The scorpion is moderately wounded.
You feel very sick.
The scorpion stings you but does no damage.
You closely miss the scorpion.
The scorpion is moderately wounded.
You feel sick. The scorpion stings you.
You hit the scorpion.
The scorpion is heavily wounded.
You feel sick. The scorpion stings you.
* * * LOW HITPOINT WARNING * * *
The scorpion stings you.
* * * LOW HITPOINT WARNING * * *
You are lethally poisoned!
The scorpion poisons you!
You hit the scorpion but do no damage.
The scorpion is heavily wounded.
* * * LOW HITPOINT WARNING * * *
You feel very sick.
The scorpion stings you but does no damage.
You barely miss the scorpion.
The scorpion is heavily wounded.
* * * LOW HITPOINT WARNING * * *
You feel very sick.
The scorpion stings you but does no damage.
You hit the scorpion but do no damage. Your bite misses the scorpion.
The scorpion is heavily wounded.
* * * LOW HITPOINT WARNING * * *
You feel very sick. The scorpion closely misses you.
The scorpion completely misses you.
It was a potion of resistance.
You feel protected.
You die...

##....####
#........###
##..........##
#............#
#.............
##..)...<.....#
###............## ∆
####.............#..
#.s@####........####
......### ##.....###
...## ##...## .
#####


You could see a scorpion.

Vanquished Creatures
  A necrophage (D:4)
  A scorpion (D:4)
  A bullfrog skeleton (D:4)
  A jelly (D:5)
  Robin (D:3)
  A gnoll (D:1)
  12 adders
  A river rat (D:3)
  2 worms
  3 dart slugs
  An orc (D:5)
  13 ball pythons
  4 bats
  8 endoplasms
  3 giant cockroaches
  12 goblins
  9 hobgoblins
  3 jackals (D:1)
  3 quokkas
  4 frilled lizards
  4 kobolds
  8 rats
96 creatures vanquished.

Notes
Turn   | Place    | Note
-------+----------+-------------------------------------------
     0 | D:1      | Ablot the Gnoll Warper began the quest for the Orb.
     0 | D:1      | Reached XP level 1. HP: 20/20 MP: 6/6
   224 | D:1      | Reached XP level 2. HP: 26/26 MP: 7/7
   230 | D:1      | Learned a level 2 spell: Blink
   552 | D:1      | Reached XP level 3. HP: 31/31 MP: 9/9
   660 | D:1      | Reached skill level 5 in Spellcasting
   742 | D:1      | Found a faded altar of an unknown god.
   841 | D:1      | Reached skill level 1 in Invocations
  1143 | D:2      | Reached skill level 1 in Short Blades
  1143 | D:2      | Reached skill level 1 in Long Blades
  1143 | D:2      | Reached skill level 1 in Axes
  1143 | D:2      | Reached skill level 1 in Maces & Flails
  1143 | D:2      | Reached skill level 1 in Staves
  1143 | D:2      | Reached skill level 1 in Slings
  1143 | D:2      | Reached skill level 1 in Bows
  1143 | D:2      | Reached skill level 1 in Crossbows
  1143 | D:2      | Reached skill level 1 in Stealth
  1143 | D:2      | Reached skill level 1 in Shields
  1143 | D:2      | Reached skill level 1 in Unarmed Combat
  1143 | D:2      | Reached skill level 1 in Evocations
  1220 | D:2      | Reached XP level 4. HP: 17/38 MP: 11/11
  1959 | D:2      | Reached skill level 1 in Conjurations
  1959 | D:2      | Reached skill level 1 in Hexes
  1959 | D:2      | Reached skill level 1 in Summonings
  1959 | D:2      | Reached skill level 1 in Necromancy
  1959 | D:2      | Reached skill level 1 in Transmutations
  1959 | D:2      | Reached skill level 1 in Fire Magic
  1959 | D:2      | Reached skill level 1 in Ice Magic
  1959 | D:2      | Reached skill level 1 in Air Magic
  1959 | D:2      | Reached skill level 1 in Earth Magic
  1959 | D:2      | Reached skill level 1 in Poison Magic
  2545 | D:3      | Reached XP level 5. HP: 33/43 MP: 12/12
  3684 | D:4      | Noticed Robin
  3716 | D:3      | Killed Robin
  4179 | D:4      | Reached XP level 6. HP: 37/50 MP: 13/13
  4411 | D:4      | Reached skill level 5 in Fighting
  4411 | D:4      | Reached skill level 5 in Polearms
  4411 | D:4      | Reached skill level 5 in Dodging
  4986 | D:5      | Entered Level 5 of the Dungeon
  5038 | D:5      | HP: 2/51 [orc/+0 whip (6)]
  5359 | D:5      | Noticed a necrophage
  5379 | D:4      | Killed a necrophage
  5380 | D:4      | Reached XP level 7. HP: 27/56 MP: 15/15
  5568 | D:5      | HP: 2/56 [poisoned by a scorpion]
  5569 | D:5      | Succumbed to a scorpion's poison

Illustrated notes

Levels and vault maps discovered:
D:1:      dpeg_arrival_lava_temple_mockup, layout_loops_cross,
          hellmonk_ecumenical_altar_leap_of_faith, st_stairs_11
D:2:      layout_loops_corners, solitary_fountain, minmay_tiny_reverse_x
D:3:      layout_basic, portal_sewer_entry_e
D:4:      layout_rooms, uniq_robin
D:5:      layout_cave_pods

Skill      XL: |  1  2  3  4  5  6 |
---------------+-------------------+-----
Spellcasting   | 5 |  5.4
Invocations    | 1 2 |  2.4
Short Blades   | 1 2 |  2.2
Long Blades    | 1 2 |  2.2
Axes           | 1 2 |  2.2
Maces & Flails | 1 2 |  2.2
Staves         | 1 2 |  2.2
Slings         | 1 2 |  2.2
Bows           | 1 2 |  2.2
Crossbows      | 1 2 |  2.2
Stealth        | 1 2 |  2.2
Shields        | 1 2 |  2.2
Unarmed Combat | 1 2 |  2.2
Evocations     | 1 2 |  2.2
Conjurations   | 1 |  1.7
Hexes          | 1 |  1.7
Summonings     | 1 |  1.7
Necromancy     | 1 |  1.7
Transmutations | 1 |  1.7
Fire Magic     | 1 |  1.7
Ice Magic      | 1 |  1.7
Air Magic      | 1 |  1.7
Earth Magic    | 1 |  1.7
Poison Magic   | 1 |  1.7
Throwing       | 3 |  3.4
Armour         | 3 |  3.4
Fighting       | 5 |  5.1
Polearms       | 5 |  5.1
Dodging        | 5 |  5.1
Translocations | |  5.7

Action                   |  1- 3 |  4- 6 |  7- 9 || total
-------------------------+-------+-------+-------++-------
Melee: Spear             |   140 |   174 |       ||   314
       Bite              |    17 |    27 |     1 ||    45
       Trident           |       |   125 |    11 ||   136
       Punch             |       |     3 |       ||     3
Throw: Javelin           |       |     6 |       ||     6
       Boomerang         |       |     3 |       ||     3
 Cast: Blink             |       |     3 |       ||     3
  Use: Potion            |       |       |     1 ||     1
 Stab: Sleeping          |     1 |     7 |       ||     8
Armor: Leather armour    |    30 |    44 |     4 ||    78
Dodge: Dodged            |    60 |   148 |     4 ||   212
